TOP OF THE 1ST |
South Bend Cubs batting - Pitching for Augusta GreenJackets : LHP Justin Tidwell
|
Pitching: LHP Justin Tidwell
|
|
Batting: RHB Andy Huntley
|
0-0: Ground out U3 (Groundball, 34, EV 108.1 MPH)
|
Batting: LHB Kwang-chih Men
|
0-0: Called Strike 0-1: Foul Ball, location: 2F 0-2: Ball 1-2: Ball 2-2: Ball 3-2: SINGLE (Groundball, 4MD, EV 102.5 MPH)
|
Batting: RHB Han-seung Hah
|
0-0: Ball 1-0: Ball 2-0: Called Strike 2-1: Ball 3-1: Foul Ball, location: 2F 3-2: Foul Ball, location: 2F 3-2: Base on Balls Kwang-chih Men to second
|
Batting: RHB Juan Bonilla
|
0-0: Called Strike 0-1: Foul Ball, location: 2F 0-2: Foul Ball, location: 2F 0-2: Fly out, F9 (Flyball, 89S, EV 79.4 MPH)
|
Batting: RHB Puluke Konane
|
0-0: Foul Ball, location: 2F 0-1: Ball 1-1: Foul Ball, location: 2F 1-2: Foul Ball, location: 2F 1-2: Ground out 3-1 (Groundball, 34S, EV 88.1 MPH)
|
Top of the 1st over - 0 runs, 1 hit, 0 errors, 2 left on base; South Bend 0 - Augusta 0 |
BOTTOM OF THE 1ST |
Augusta GreenJackets batting - Pitching for South Bend Cubs : RHP Melvin Orengo
|
Pitching: RHP Melvin Orengo
|
|
Batting: RHB Mario Mendoza
|
0-0: Called Strike 0-1: Called Strike 0-2: Foul Ball, location: 2F 0-2: Ball 1-2: Strikes out swinging
|
Batting: RHB Teruhide Horiuchi
|
0-0: Called Strike 0-1: Hit by Pitch
|
Batting: LHB Mike Roberts
|
0-0: Ball 1-0: Ball 2-0: Ball 3-0: Called Strike 3-1: Foul Ball, location: 2F 3-2: Base on Balls Teruhide Horiuchi to second
|
Batting: LHB Steve Nevis
|
0-0: Ball Wild Pitch! Teruhide Horiuchi to third Mike Roberts to second 1-0: Ball 2-0: Ball 3-0: Called Strike 3-1: Base on Balls
|
Batting: RHB Dave Perron
|
0-0: Hit by Pitch Teruhide Horiuchi scores Mike Roberts to third Steve Nevis to second
|
Batting: LHB Chris West
|
0-0: Ball 1-0: Swinging Strike 1-1: Fly out, F7 (Flyball, 7LM, EV 93.1 MPH)
|
Batting: RHB Jaime Rios
|
0-0: Fly out, F4 (Flyball, 4D, EV 86.9 MPH)
|
Bottom of the 1st over - 1 run, 0 hits, 0 errors, 3 left on base; South Bend 0 - Augusta 1 |
TOP OF THE 2ND |
South Bend Cubs batting - Pitching for Augusta GreenJackets : LHP Justin Tidwell
|
Batting: RHB Dylan Burke
|
0-0: Ball 1-0: Called Strike 1-1: Called Strike 1-2: Foul Ball, location: 2F 1-2: Foul Ball, location: 2F 1-2: SINGLE (Groundball, 6MD, EV 97.5 MPH)
|
Batting: RHB Denis Rachin
|
0-0: Called Strike 0-1: Fly out, F8 (Flyball, 78S, EV 83.8 MPH)
|
Batting: RHB Ryan Bush
|
0-0: Ball 1-0: Ball 2-0: Ball 3-0: Called Strike 3-1: Base on Balls Dylan Burke to second
|
Batting: LHB Hiroki Yamamoto
|
0-0: Grounds into double play, 6-4-3 (Groundball, 6, EV 92.5 MPH)
|
Top of the 2nd over - 0 runs, 1 hit, 0 errors, 1 left on base; South Bend 0 - Augusta 1 |
BOTTOM OF THE 2ND |
Augusta GreenJackets batting - Pitching for South Bend Cubs : RHP Melvin Orengo
|
Batting: RHB Gary Sampson
|
0-0: Foul Ball, location: 2F 0-1: Foul Ball, location: 2F 0-2: Strikes out swinging
|
Batting: RHB Ruben Irizarry
|
0-0: Ball 1-0: Swinging Strike 1-1: Swinging Strike 1-2: SINGLE (Groundball, 34D, EV 105.0 MPH)
|
Batting: RHB Mario Mendoza
|
0-0: Foul Ball, location: 2F 0-1: Ball 1-1: Fielders Choice at 2nd, 5-4 (Groundball, 5L, EV 82.5 MPH)
|
Batting: RHB Teruhide Horiuchi
|
0-0: Called Strike 0-1: Ball 1-1: Ball 2-1: Ball 3-1: Called Strike 3-2: Ground out 6-3 (Groundball, 6, EV 90.0 MPH)
|
Bottom of the 2nd over - 0 runs, 1 hit, 0 errors, 1 left on base; South Bend 0 - Augusta 1 |
TOP OF THE 3RD |
South Bend Cubs batting - Pitching for Augusta GreenJackets : LHP Justin Tidwell
|
Batting: RHB Andy Huntley
|
0-0: Ball 1-0: Ball 2-0: Called Strike 2-1: Ball 3-1: Base on Balls
|
Batting: LHB Kwang-chih Men
|
0-0: SINGLE (Groundball, 4, EV 95.0 MPH) Andy Huntley to second Runner from 2nd tries for 3rd, SAFE, throw by RF made to third
|
Batting: RHB Han-seung Hah
|
0-0: Ball 1-0: Called Strike 1-1: Ball 2-1: Ball 3-1: Base on Balls Kwang-chih Men to second
|
Batting: RHB Juan Bonilla
|
0-0: DOUBLE (Line Drive, 89M, EV 90.6 MPH) Andy Huntley scores Kwang-chih Men scores Han-seung Hah to third
|
Batting: RHB Puluke Konane
|
0-0: 3-RUN HOME RUN (Flyball, 78XD, EV 112.5 MPH), Distance : 428 ft
|
Pitching: RHP Kyle Rindels
|
|
Batting: RHB Dylan Burke
|
0-0: Called Strike 0-1: Called Strike 0-2: Foul Ball, location: 2F 0-2: Ball 1-2: Ground out U3 (Groundball, 3, EV 103.8 MPH)
|
Batting: RHB Denis Rachin
|
0-0: Called Strike 0-1: Foul Ball, location: 2F 0-2: Ball 1-2: Ball 2-2: Foul Ball, location: 2F 2-2: Ball 3-2: Foul Ball, location: 2F 3-2: Strikes out looking
|
Batting: RHB Ryan Bush
|
0-0: Ball 1-0: Foul Ball, location: 2F 1-1: Ball 2-1: Swinging Strike 2-2: SINGLE (Groundball, 56D, EV 94.4 MPH)
|
Batting: LHB Hiroki Yamamoto
|
0-0: SINGLE (Groundball, 34, EV 94.4 MPH) Ryan Bush to second Runner from 2nd tries for 3rd, OUT! 9-5
|
Top of the 3rd over - 5 runs, 5 hits, 0 errors, 1 left on base; South Bend 5 - Augusta 1 |
BOTTOM OF THE 3RD |
Augusta GreenJackets batting - Pitching for South Bend Cubs : RHP Melvin Orengo
|
Batting: LHB Mike Roberts
|
0-0: Swinging Strike 0-1: Ball 1-1: Foul Ball, location: 2F 1-2: Foul Ball, location: 2F 1-2: Ground out 5-3 (Groundball, 56, EV 102.5 MPH)
|
Batting: LHB Steve Nevis
|
0-0: Ball 1-0: Fly out, F9 (Flyball, 9, EV 81.9 MPH)
|
Batting: RHB Dave Perron
|
0-0: Foul Ball, location: 2F 0-1: Ball 1-1: Called Strike 1-2: SOLO HOME RUN (Flyball, 78XD, EV 113.1 MPH), Distance : 420 ft
|
Batting: LHB Chris West
|
0-0: Ball 1-0: Called Strike 1-1: Swinging Strike 1-2: Strikes out swinging
|
Bottom of the 3rd over - 1 run, 1 hit, 0 errors, 0 left on base; South Bend 5 - Augusta 2 |
TOP OF THE 4TH |
South Bend Cubs batting - Pitching for Augusta GreenJackets : RHP Kyle Rindels
|
Batting: RHB Andy Huntley
|
0-0: Foul Ball, location: 2F 0-1: Swinging Strike 0-2: Ball 1-2: Foul Ball, location: 2F 1-2: Ball 2-2: Ground out 5-3 (Groundball, 5, EV 76.2 MPH)
|
Batting: LHB Kwang-chih Men
|
0-0: Ball 1-0: Foul Ball, location: 2F 1-1: Ball 2-1: Swinging Strike 2-2: Strikes out swinging
|
Batting: RHB Han-seung Hah
|
0-0: Called Strike 0-1: Swinging Strike 0-2: Ball 1-2: Ground out 5-3 (Groundball, 56, EV 86.9 MPH)
|
Top of the 4th over - 0 runs, 0 hits, 0 errors, 0 left on base; South Bend 5 - Augusta 2 |
BOTTOM OF THE 4TH |
Augusta GreenJackets batting - Pitching for South Bend Cubs : RHP Melvin Orengo
|
Batting: RHB Jaime Rios
|
0-0: Ball 1-0: Ground out 5-3 (Groundball, 56S, EV 76.9 MPH)
|
Batting: RHB Gary Sampson
|
0-0: Ball 1-0: Ball 2-0: SINGLE (Groundball, 34D, EV 103.8 MPH)
|
Batting: RHB Ruben Irizarry
|
0-0: Ball 1-0: Ball Gary Sampson steals 2nd base 2-0: SINGLE (Groundball, 6, EV 100.6 MPH) Gary Sampson to third Runner from 3rd tries for Home, SAFE, throw by CF to home
|
Batting: RHB Mario Mendoza
|
0-0: Swinging Strike 0-1: Ball 1-1: Foul Ball, location: 2F 1-2: Foul Ball, location: 2F 1-2: Strikes out swinging
|
Batting: RHB Teruhide Horiuchi
|
0-0: Ball 1-0: Ball 2-0: Foul Ball, location: 2F 2-1: Ball 3-1: Foul Ball, location: 2F 3-2: SINGLE (Groundball, 4M, EV 83.1 MPH) (infield hit) Ruben Irizarry to second
|
Batting: LHB Mike Roberts
|
0-0: Ball 1-0: Ball 2-0: Foul Ball, location: 2F 2-1: Ball 3-1: Base on Balls Ruben Irizarry to third Teruhide Horiuchi to second
|
Batting: LHB Steve Nevis
|
0-0: Ball 1-0: Ball 2-0: Called Strike 2-1: Swinging Strike 2-2: Foul Ball, location: 2F 2-2: Ball 3-2: Foul Ball, location: 2F 3-2: Foul Ball, location: 2F 3-2: Ground out 5-3 (Groundball, 5, EV 88.8 MPH)
|
Bottom of the 4th over - 1 run, 3 hits, 0 errors, 3 left on base; South Bend 5 - Augusta 3 |
TOP OF THE 5TH |
South Bend Cubs batting - Pitching for Augusta GreenJackets : RHP Kyle Rindels
|
Batting: RHB Juan Bonilla
|
0-0: Ball 1-0: Ball 2-0: Fly out, F9 (Flyball, 89M, EV 88.8 MPH)
|
Batting: RHB Puluke Konane
|
0-0: Swinging Strike 0-1: Ball 1-1: Ball 2-1: Foul Ball, location: 2F 2-2: Ball 3-2: Strikes out swinging
|
Batting: RHB Dylan Burke
|
0-0: Ground out 6-3 (Groundball, 6, EV 107.5 MPH)
|
Top of the 5th over - 0 runs, 0 hits, 0 errors, 0 left on base; South Bend 5 - Augusta 3 |
BOTTOM OF THE 5TH |
Augusta GreenJackets batting - Pitching for South Bend Cubs : RHP Melvin Orengo
|
Pitching: RHP Velimir Sljivancanin
|
|
Batting: RHB Dave Perron
|
0-0: Fly out, F7 (Line Drive, 78M, EV 86.2 MPH)
|
Batting: LHB Chris West
|
0-0: Ball 1-0: Ball 2-0: SINGLE (Line Drive, 6MD, EV 98.1 MPH)
|
Batting: RHB Jaime Rios
|
0-0: Swinging Strike 0-1: Hit by Pitch Chris West to second
|
Batting: RHB Gary Sampson
|
0-0: Ball 1-0: Called Strike 1-1: Foul Ball, location: 2F 1-2: Ball 2-2: Ball 3-2: Foul Ball, location: 2F 3-2: Base on Balls Chris West to third Jaime Rios to second
|
Batting: RHB Ruben Irizarry
|
0-0: Ball 1-0: Ball 2-0: Swinging Strike 2-1: Ball 3-1: Base on Balls Chris West scores Jaime Rios to third Gary Sampson to second
|
Batting: RHB Mario Mendoza
|
0-0: Ball 1-0: Foul Ball, location: 2F 1-1: Ball 2-1: Swinging Strike 2-2: Strikes out swinging
|
Batting: RHB Teruhide Horiuchi
|
0-0: SINGLE (Groundball, 4D, EV 108.1 MPH) Jaime Rios scores Gary Sampson to third Ruben Irizarry to second Runner from 3rd tries for Home, throw by RF and OUT! 9-2
|
Bottom of the 5th over - 2 runs, 2 hits, 0 errors, 2 left on base; South Bend 5 - Augusta 5 |
TOP OF THE 6TH |
South Bend Cubs batting - Pitching for Augusta GreenJackets : RHP Kyle Rindels
|
Batting: RHB Denis Rachin
|
0-0: Ball 1-0: Ball 2-0: Swinging Strike 2-1: Called Strike 2-2: Ball 3-2: Foul Ball, location: 2F 3-2: Strikes out looking
|
Batting: RHB Ryan Bush
|
0-0: Ball 1-0: Ball 2-0: Called Strike 2-1: Foul Ball, location: 2F 2-2: Ball 3-2: Strikes out looking
|
Batting: LHB Hiroki Yamamoto
|
0-0: Ball 1-0: Called Strike 1-1: Foul Ball, location: 2F 1-2: Ball 2-2: Ball 3-2: Base on Balls
|
Pitching: RHP Kevin Spencer
|
|
Batting: RHB Andy Huntley
|
Pickoff Throw to First - Out! 1-3
|
Top of the 6th over - 0 runs, 0 hits, 0 errors, 0 left on base; South Bend 5 - Augusta 5 |
BOTTOM OF THE 6TH |
Augusta GreenJackets batting - Pitching for South Bend Cubs : RHP Velimir Sljivancanin
|
Batting: LHB Mike Roberts
|
0-0: Ball 1-0: Swinging Strike 1-1: Ground out U3 (Groundball, 3L, EV 85.0 MPH)
|
Batting: LHB Steve Nevis
|
0-0: Fly out, F6 (Popup, 6MD, EV 59.4 MPH)
|
Batting: RHB Dave Perron
|
0-0: Called Strike 0-1: Foul Ball, location: 2F 0-2: Ball 1-2: Foul Ball, location: 2F 1-2: Ball 2-2: Ball 3-2: Strikes out swinging
|
Bottom of the 6th over - 0 runs, 0 hits, 0 errors, 0 left on base; South Bend 5 - Augusta 5 |
TOP OF THE 7TH |
South Bend Cubs batting - Pitching for Augusta GreenJackets : RHP Kevin Spencer
|
Batting: RHB Andy Huntley
|
0-0: Foul Ball, location: 2F 0-1: Foul Ball, location: 2F 0-2: Ball 1-2: Fly out, F9 (Line Drive, 89S, EV 93.1 MPH)
|
Batting: LHB Kwang-chih Men
|
0-0: Called Strike 0-1: Called Strike 0-2: Foul Ball, location: 2F 0-2: Ball 1-2: Strikes out swinging
|
Batting: RHB Han-seung Hah
|
0-0: Ball 1-0: Swinging Strike 1-1: Foul Ball, location: 2F 1-2: Ball 2-2: SINGLE (Groundball, 4MD, EV 108.1 MPH)
|
Batting: RHB Juan Bonilla
|
0-0: Ball 1-0: 2-RUN HOME RUN (Flyball, 78XD, EV 113.1 MPH), Distance : 417 ft
|
Batting: RHB Puluke Konane
|
0-0: Ball 1-0: Ground out 6-3 (Groundball, 6, EV 77.5 MPH)
|
Top of the 7th over - 2 runs, 2 hits, 0 errors, 0 left on base; South Bend 7 - Augusta 5 |
BOTTOM OF THE 7TH |
Augusta GreenJackets batting - Pitching for South Bend Cubs : RHP Velimir Sljivancanin
|
Pitching: LHP Tom Mooney
|
|
Now at 1B: Kwang-chih Men
|
|
Now at SS: Adam Conover
|
|
Batting: LHB Chris West
|
0-0: Called Strike 0-1: Ball 1-1: DOUBLE (Line Drive, 78M, EV 108.8 MPH)
|
Batting: RHB Jaime Rios
|
0-0: Ball 1-0: Ball 2-0: Called Strike 2-1: Ball 3-1: Fly out, F9 (Flyball, 89M, EV 91.9 MPH)
|
Batting: RHB Gary Sampson
|
0-0: Foul Ball, location: 2F 0-1: Ball 1-1: Ball 2-1: 2-RUN HOME RUN (Flyball, 7D, EV 100.6 MPH), Distance : 385 ft
|
Batting: RHB Ruben Irizarry
|
0-0: Called Strike 0-1: SINGLE (Groundball, 6MD, EV 93.8 MPH)
|
Batting: RHB Mario Mendoza
|
0-0: Fly out, F6 (Popup, 6M, EV 60.0 MPH)
|
Batting: RHB Teruhide Horiuchi
|
0-0: Ball 1-0: Reached on error, E1 (Groundball, 34S, EV 70.6 MPH) Ruben Irizarry to third
|
Batting: LHB Mike Roberts
|
0-0: Called Strike 0-1: Ball 1-1: Called Strike 1-2: Ball 2-2: Ground out 4-3 (Groundball, 34, EV 82.5 MPH)
|
Bottom of the 7th over - 2 runs, 3 hits, 1 error, 2 left on base; South Bend 7 - Augusta 7 |
TOP OF THE 8TH |
South Bend Cubs batting - Pitching for Augusta GreenJackets : RHP Kevin Spencer
|
Pitching: RHP Jay Kouns
|
|
Batting: RHB Dylan Burke
|
0-0: Called Strike 0-1: Foul Ball, location: 2F 0-2: Foul Ball, location: 2F 0-2: Foul Ball, location: 2F 0-2: Ball 1-2: Foul Ball, location: 2F 1-2: Foul Ball, location: 2F 1-2: Ball 2-2: SINGLE (Line Drive, 6MD, EV 100.6 MPH)
|
Batting: RHB Denis Rachin
|
0-0: Foul Ball, location: 2F 0-1: Called Strike 0-2: Grounds into double play, 6-4-3 (Groundball, 6, EV 108.8 MPH)
|
Batting: RHB Ryan Bush
|
0-0: Ball 1-0: Foul Ball, location: 2F 1-1: Foul Ball, location: 2F 1-2: Strikes out swinging
|
Top of the 8th over - 0 runs, 1 hit, 0 errors, 0 left on base; South Bend 7 - Augusta 7 |
BOTTOM OF THE 8TH |
Augusta GreenJackets batting - Pitching for South Bend Cubs : LHP Tom Mooney
|
Batting: LHB Steve Nevis
|
0-0: Foul Ball, location: 2F 0-1: Ball 1-1: Ball 2-1: Called Strike 2-2: Ground out 5-3 (Groundball, 56, EV 104.4 MPH)
|
Batting: RHB Dave Perron
|
0-0: Called Strike 0-1: Ball 1-1: Called Strike 1-2: Foul Ball, location: 2F 1-2: Ball 2-2: Fly out, F6 (Flyball, 56D, EV 93.8 MPH)
|
Batting: LHB Chris West
|
0-0: Ball 1-0: Called Strike 1-1: Swinging Strike 1-2: Ball 2-2: Ground out 4-3 (Groundball, 4, EV 100.6 MPH)
|
Bottom of the 8th over - 0 runs, 0 hits, 0 errors, 0 left on base; South Bend 7 - Augusta 7 |
TOP OF THE 9TH |
South Bend Cubs batting - Pitching for Augusta GreenJackets : RHP Jay Kouns
|
Batting: LHB Hiroki Yamamoto
|
0-0: Ball 1-0: Called Strike 1-1: Ball 2-1: Ground out 4-3 (Groundball, 4, EV 83.1 MPH)
|
Batting: RHB Andy Huntley
|
0-0: Ball 1-0: SINGLE (Line Drive, 9LS, EV 101.9 MPH)
|
Batting: LHB Kwang-chih Men
|
0-0: TRIPLE (Line Drive, 78XD, EV 96.9 MPH) Andy Huntley scores
|
Batting: RHB Han-seung Hah
|
0-0: Foul Ball, location: 2F 0-1: Ball 1-1: Swinging Strike 1-2: Fly out, F9 (Flyball, 89S, EV 87.5 MPH)
|
Batting: LHB Adam Conover
|
0-0: Foul Ball, location: 2F 0-1: Ball 1-1: Fly out, F8 (Flyball, 8LM, EV 83.1 MPH)
|
Top of the 9th over - 1 run, 2 hits, 0 errors, 1 left on base; South Bend 8 - Augusta 7 |
BOTTOM OF THE 9TH |
Augusta GreenJackets batting - Pitching for South Bend Cubs : LHP Tom Mooney
|
Pitching: RHP Jose Mata
|
|
Batting: RHB Jaime Rios
|
0-0: Ball 1-0: Ball 2-0: Called Strike 2-1: Ground out 1-3 (Groundball, 13S, EV 69.4 MPH)
|
Batting: RHB Gary Sampson
|
0-0: Ground out 4-3 (Groundball, 34, EV 102.5 MPH)
|
Pinch Hitting: LHB Adam Oldfield
|
0-0: Foul Ball, location: 2F 0-1: Foul Ball, location: 2F 0-2: Strikes out swinging
|
Bottom of the 9th over - 0 runs, 0 hits, 0 errors, 0 left on base; South Bend 8 - Augusta 7 |
|